 Dungeon Crawl Stone Soup version 0.29.0-4-gdea44cf6ec (webtiles) character file.

Game seed: 1746265337111603937

68 qw the Chopper (level 4, -9/28 HPs)
             Began as a Gargoyle Fighter on Sept 9, 2022.
             Mangled by a gnoll
             ... wielding a +0 halberd
              (11 damage)
             ... on level 2 of the Dungeon.
             The game lasted 00:00:38 (1054 turns).

qw the Chopper (Gargoyle Fighter)                   Turns: 1054, Time: 00:00:39

Health: -9/28      AC: 10    Str: 22    XL:     4   Next: 19%
Magic:  4/4        EV:  9    Int:  8    God:
Gold:   42         SH:  4    Dex:  9    Spells: 3/3 levels left

rFire   + . .      SeeInvis .   k - +0 war axe (spect)
rCold   . . .      Faith    .   c - +0 buckler
rNeg    + . .      Spirit   .   b - +0 scale mail
rPois   inf        Reflect  .   (no helmet)
rElec   +          Harm     .   (no cloak)
rCorr   .          Rampage  .   (no gloves)
Will    .....                   (no boots)
Stlth   ..........              (no amulet)
HPRegen 0.09/turn               g - ring of protection from fire
MPRegen 0.09/turn               (no ring)

@: no status effects
A: sickness immunity, AC +3, negative energy resistance 1, electricity
resistance, torment resistance 1, petrification resistance
a: no special abilities


You were on level 2 of the Dungeon.
You visited 1 branch of the dungeon, and saw 2 of its levels.

You collected 42 gold pieces.


Innate Abilities, Weirdness & Mutations

You are immune to sickness and miasma.
Your stone body is resilient. (AC +3)
You are immune to poison.
You resist negative energy. (rN+)
You are resistant to electric shocks. (rElec)
You are resistant to unholy torment.
You are immune to petrification.


   Skills:
 - Level 3.2 Fighting
 + Level 3.9 Axes
 - Level 3.2 Armour
 - Level 3.2 Shields


You had 3 spell levels left.
You didn't know any spells.
Your spell library was empty.

Inventory:

Hand Weapons
 f - a +0 whip
 k - a +0 spectral war axe (weapon)
Armour
 b - a +0 scale mail (worn)
 c - a +0 buckler (worn)
Jewellery
 a - an amulet of guardian spirit
 g - a ring of protection from fire (left hand)
Scrolls
 e - a scroll of immolation {unknown}
 h - a scroll of amnesia {unknown}
 j - 2 scrolls of brand weapon
Potions
 d - a potion of might
 i - a potion of degeneration {unknown}

Dungeon Overview and Level Annotations

Branches:
Dungeon (2/15)

Altars:

Shops:
D:1 [

Annotations:
D:2 Sigmund


Message History

Sigmund the Dreaded comes into view.
He is wielding a +2 scythe of protection.
1038 ||| Stepping ~*~*~tactically~*~*~ (stealth).
Sigmund shouts!
1040 ||| Stepping ~*~*~tactically~*~*~ (hiding).
You start waiting.
Sigmund is nearby!
Sigmund casts a spell.
Sigmund flickers and vanishes!
Deactivating autopickup; reactivate with Ctrl-A.
You swing at nothing.
Something hits you.
You swing at nothing.
You hear some strange, mumbled words.
You are confused.
The gnoll shouts!
You hear some strange, mumbled words.
A magic dart appears from out of thin air!
The magic dart hits you.
You see here a +0 halberd.
Something hits you.
You see here a +0 whip.
You're too confused to attack without stumbling around!
You start resting.
Something hits you.
You're too confused to attack without stumbling around!
You start resting.
A gnoll is nearby!
You feel less confused. Something hits you.
The gnoll hits you from afar with a +0 halberd.
You hear some strange, mumbled words.
A magic dart appears from out of thin air!
The magic dart hits you but does no damage.
The gnoll closely misses you. Something hits you.
You hit the gnoll.
The gnoll is moderately wounded.
You hit something but do no damage.
Your +0 spectral war axe hits something.
Your +0 spectral war axe hits the gnoll.
The gnoll hits you with a +0 halberd!
You die...

.....######
..........#
.....####.# #.#..#
#.# #.#..# #.#
#.#..# #.#
#.#..####.########
#.#......%....)..##
#.#...###.......@(#
......# ########{g#
......# #..#
#.#.### #..#
#.#...# #..#
..###.# #..# ###
#.# #..# #.# #..#
####.# #...


You could see a gnoll and a friendly +0 spectral war axe (summoned).

Vanquished Creatures
  2 gnolls (D:2)
  3 dart slugs
  An endoplasm (D:2)
  6 giant cockroaches
  5 goblins
  4 hobgoblins
  5 ball pythons
  2 bats
  2 frilled lizards (D:2)
  5 kobolds
  5 rats
40 creatures vanquished.

Vanquished Creatures (others)
  4 fungi (D:1)
4 creatures vanquished.

Grand Total: 44 creatures vanquished

Notes
Turn   | Place    | Note
-------+----------+-------------------------------------------
     0 | D:1      | qw the Gargoyle Fighter began the quest for the Orb.
     0 | D:1      | Reached XP level 1. HP: 14/14 MP: 1/1
     0 | D:1      | 0 ||| qw: Version: 0.1-a-113-g051387a
     0 | D:1      | 0 ||| qw: Game counter: 7020
     0 | D:1      | 0 ||| qw: Always use a shield: true
     0 | D:1      | 0 ||| qw: God list: Okawaru
     0 | D:1      | 0 ||| qw: Allow faded altars: false
     0 | D:1      | 0 ||| qw: Do Orc after D:15 true
     0 | D:1      | 0 ||| qw: Do second Lair branch before Depths: true
     0 | D:1      | 0 ||| qw: Lair rune preference: random
     0 | D:1      | 0 ||| qw: Plans: Normal, Zot, God:TSO, Crypt, Tomb, Zig,
                  | Orb
     0 | D:1      | 0 ||| PLANNING D:1-11
    89 | D:1      | Reached XP level 2. HP: 19/19 MP: 2/2
   279 | D:1      | Reached skill level 3 in Axes
   295 | D:1      | Found Biweduli's Armour Emporium.
   314 | D:1      | 314 ||| SHOPLISTING +0 scale mail of cold resistance (121
                  | gold, have 0).
   314 | D:1      | 314 ||| SHOPLISTING +1 scale mail of fire resistance (176
                  | gold, have 0).
   314 | D:1      | 314 ||| SHOPLISTING +2 cloak of poison resistance (203
                  | gold, have 0).
   314 | D:1      | 314 ||| SHOPLISTING +7 plate armour of Impatience {*Slow
                  | rPois Regen+} (699 gold, have 0).
   344 | D:1      | Reached XP level 3. HP: 23/23 MP: 3/3
   389 | D:1      | 389 ||| Stepping ~*~*~tactically~*~*~ (hiding).
   395 | D:1      | 395 ||| Stepping ~*~*~tactically~*~*~ (hiding).
   503 | D:1      | Found a faded altar of an unknown god.
   568 | D:1      | 568 ||| UPGRADING to ring of protection from fire.
   569 | D:1      | 569 ||| READING scroll labelled WULET ERAREA.
   570 | D:1      | 570 ||| READING scroll labelled GIPERE GUNIK.
   571 | D:1      | 571 ||| READING 3 scrolls labelled BUNIFI YCAUSK.
   572 | D:1      | 572 ||| READING scroll labelled KAZIUJ XECVE.
   603 | D:2      | Identified the +4 spear of Ceos {vorpal, rCorr}
   959 | D:2      | 959 ||| Stepping ~*~*~tactically~*~*~ (stealth).
   961 | D:2      | 961 ||| Stepping ~*~*~tactically~*~*~ (stealth).
   963 | D:2      | 963 ||| Stepping ~*~*~tactically~*~*~ (hiding).
   964 | D:2      | 964 ||| Stepping ~*~*~tactically~*~*~ (hiding).
   966 | D:2      | Reached XP level 4. HP: 28/28 MP: 4/4
  1037 | D:2      | Noticed Sigmund
  1038 | D:2      | 1038 ||| Stepping ~*~*~tactically~*~*~ (stealth).
  1040 | D:2      | 1040 ||| Stepping ~*~*~tactically~*~*~ (hiding).
  1052 | D:2      | HP: 4/28 [gnoll/+0 halberd (5)]
  1054 | D:2      | Mangled by a gnoll

Levels and vault maps discovered:
D:1:      dpeg_arrival_ternary, layout_rooms, serial_shops, nicolae_shop_stone,
          dreamdust_ecumenical_altar_hidden_monk_grotto
D:2:      layout_loops_ring, serial_rivers, chequers_serial_rivers_small_a,
          chequers_serial_rivers_large_a, chequers_serial_rivers_micro_b,
          chequers_serial_rivers_micro_b, uniq_sigmund

Skill      XL: |  1  2 |
---------------+-------+-----
Axes           | 2 3 |  3.9
Fighting       | |  3.2
Armour         | |  3.2
Shields        | |  3.2

Action                   |  1- 3 |  4- 6 || total
-------------------------+-------+-------++-------
Melee: War axe           |    62 |     2 ||    64
  Use: Scroll            |     4 |       ||     4
Armor: Scale mail        |    16 |     1 ||    17
Dodge: Dodged            |    27 |     3 ||    30
Block: Buckler           |    13 |       ||    13

Table legend:
 A = Non-vault XP
 B = Vault XP
 C = Vault XP percentage of total XP
 D = Non-vault monster count
 E = Vault monster count
 F = Vault count percentage of total count
                 A         B        C        D         E       F
            +---------+---------+-------+---------+---------+-------
      Total |      98 |       0 |   0.0 |      40 |       0 |   0.0
            +---------+---------+-------+---------+---------+-------
        D:1 |      39 |       0 |   0.0 |      20 |       0 |   0.0
        D:2 |      59 |       0 |   0.0 |      20 |       0 |   0.0
            +---------+---------+-------+---------+---------+-------
